SAAA
AUSTIN CAPITOLS @ BAY CITY BOMBERS
09/05/2018
 
TOP OF THE 1ST
Austin Capitols batting - Pitching for Bay City Bombers : RHP Jim Unknown
Pitching: RHP Jim Unknown
Batting: RHB Jim Unknown 0-0: Called Strike
0-1: DOUBLE (Flyball, 78XD)
Batting: RHB Jim Unknown 0-0: Ball
1-0: SINGLE (Line Drive, 4D)
Jim Unknown to third
Runner from 3rd tries for Home, SAFE, throw made home
Batting: LHB Jim Unknown 0-0: Called Strike
0-1: Ball
1-1: Ball
2-1: Ball
3-1: Foul Ball, location: 2F
3-2: Strikes out looking
Batting: RHB Jim Unknown 0-0: Called Strike
0-1: Ball
1-1: Ball
2-1: Grounds into double play, 6-4-3 (Groundball, 6)
Top of the 1st over - 1 run(s), 2 hit(s), 0 error(s), 0 left on base; Austin 1 - Bay City 0
BOTTOM OF THE 1ST
Bay City Bombers batting - Pitching for Austin Capitols : RHP Jim Unknown
Pitching: RHP Jim Unknown
Batting: RHB Joaquín Parra 0-0: Ball
1-0: Fly out, F4 (Popup, 34D)
Batting: LHB Bastyão Lizardo 0-0: Ball
1-0: Swinging Strike
1-1: Swinging Strike
1-2: Ball
2-2: Strikes out looking
Batting: LHB Mito Rin 0-0: Fly out, F8 (Flyball, 8RD)
Bottom of the 1st over - 0 run(s), 0 hit(s), 0 error(s), 0 left on base; Austin 1 - Bay City 0
TOP OF THE 2ND
Austin Capitols batting - Pitching for Bay City Bombers : RHP Jim Unknown
Batting: RHB Jim Unknown 0-0: Hit by Pitch
Batting: LHB Jim Unknown Pickoff Throw to First - Out!
0-0: Ball
1-0: Ball
2-0: Ball
3-0: Called Strike
3-1: Ground out 3-1 (Groundball, 34)
Batting: RHB Jim Unknown 0-0: Called Strike
0-1: Ball
1-1: Fly out, F3 (Popup, 34)
Top of the 2nd over - 0 run(s), 0 hit(s), 0 error(s), 0 left on base; Austin 1 - Bay City 0
BOTTOM OF THE 2ND
Bay City Bombers batting - Pitching for Austin Capitols : RHP Jim Unknown
Batting: RHB Pedro Morales 0-0: Foul Ball, location: 2F
0-1: Ball
1-1: SINGLE (Groundball, 56D)
Batting: RHB Luis Díaz 0-0: Called Strike
0-1: Ball
1-1: Ball
2-1: Foul Ball, location: 2F
2-2: Ball
3-2: Strikes out swinging
Pedro Morales is caught stealing 2nd base
Batter strikes out.
Batting: SHB Stephen Fraven 0-0: Called Strike
0-1: Ball
1-1: Ball
2-1: Foul Ball, location: 2F
2-2: Foul Ball, location: 2F
2-2: Foul Ball, location: 2F
2-2: Strikes out looking
Bottom of the 2nd over - 0 run(s), 1 hit(s), 0 error(s), 0 left on base; Austin 1 - Bay City 0
TOP OF THE 3RD
Austin Capitols batting - Pitching for Bay City Bombers : RHP Jim Unknown
Batting: LHB Jim Unknown 0-0: Called Strike
0-1: SOLO HOME RUN (Flyball, 9D), Distance : 390 ft
Batting: RHB Jim Unknown 0-0: Called Strike
0-1: DOUBLE (Groundball, 5L)
Batting: RHB Jim Unknown 0-0: Ball
1-0: Ball
2-0: 2-RUN HOME RUN (Flyball, 89XD), Distance : 408 ft
Batting: RHB Jim Unknown 0-0: Ball
1-0: SINGLE (Line Drive, 7LS)
Batting: LHB Jim Unknown 0-0: Called Strike
0-1: Ball
1-1: Ball
2-1: Fielders Choice at 2nd, 3-6 (Groundball, 3)
Batting: RHB Jim Unknown 0-0: Ball
1-0: Fly out, F5 (Popup, 25F)
Batting: RHB Jim Unknown 0-0: Ball
1-0: Foul Ball, location: 2F
1-1: SINGLE (Groundball, 15) (infield hit)
Jim Unknown to second
Batting: LHB Jim Unknown 0-0: Ball
1-0: Ground out U3 (Groundball, 3L)
Top of the 3rd over - 3 run(s), 5 hit(s), 0 error(s), 2 left on base; Austin 4 - Bay City 0
BOTTOM OF THE 3RD
Bay City Bombers batting - Pitching for Austin Capitols : RHP Jim Unknown
Batting: LHB Guy Riley 0-0: Fly out, F7 (Flyball, 7S)
Batting: RHB Barry Martínez 0-0: Ground out 6-3 (Groundball, 56)
Batting: LHB John Doyle 0-0: Called Strike
0-1: Ground out 4-3 (Groundball, 4)
Bottom of the 3rd over - 0 run(s), 0 hit(s), 0 error(s), 0 left on base; Austin 4 - Bay City 0
TOP OF THE 4TH
Austin Capitols batting - Pitching for Bay City Bombers : RHP Jim Unknown
Batting: RHB Jim Unknown 0-0: Called Strike
0-1: Ball
1-1: Foul Ball, location: 2F
1-2: Ball
2-2: Fly out, F9 (Flyball, 9S)
Batting: LHB Jim Unknown 0-0: Fly out, F4 (Line Drive, 4M)
Batting: RHB Jim Unknown 0-0: Ball
1-0: Swinging Strike
1-1: Ball
2-1: Ground out 6-3 (Groundball, 6D)
Top of the 4th over - 0 run(s), 0 hit(s), 0 error(s), 0 left on base; Austin 4 - Bay City 0
BOTTOM OF THE 4TH
Bay City Bombers batting - Pitching for Austin Capitols : RHP Jim Unknown
Batting: RHB Joaquín Parra 0-0: Ball
1-0: Ground out 4-3 (Groundball, 4)
Batting: LHB Bastyão Lizardo 0-0: Foul Ball, location: 2F
0-1: Foul Ball, location: 2F
0-2: Strikes out swinging
Batting: LHB Mito Rin 0-0: Ball
1-0: Ball
2-0: Ball
3-0: Called Strike
3-1: Base on Balls
Batting: RHB Pedro Morales 0-0: Foul Ball, location: 2F
0-1: SINGLE (Flyball, 7LS)
Mito Rin to second
Batting: RHB Luis Díaz 0-0: Foul Ball, location: 2F
0-1: SINGLE (Groundball, 34D)
Mito Rin to third
Pedro Morales to second
Runner from 3rd tries for Home, SAFE, no throw or cutoff
Batting: SHB Stephen Fraven 0-0: Foul Ball, location: 2F
0-1: Called Strike
0-2: 3-RUN HOME RUN (Flyball, 7D), Distance : 386 ft
Batting: LHB Guy Riley 0-0: Ball
1-0: SINGLE (Line Drive, 89S)
Batting: RHB Barry Martínez 0-0: Ball
1-0: Swinging Strike
1-1: Foul Ball, location: 2F
1-2: Ball
2-2: Strikes out swinging
Bottom of the 4th over - 4 run(s), 4 hit(s), 0 error(s), 1 left on base; Austin 4 - Bay City 4
TOP OF THE 5TH
Austin Capitols batting - Pitching for Bay City Bombers : RHP Jim Unknown
Batting: RHB Jim Unknown 0-0: Called Strike
0-1: Called Strike
0-2: SINGLE (Line Drive, 34)
Batting: RHB Jim Unknown 0-0: Swinging Strike
0-1: SINGLE (Line Drive, 56D)
Jim Unknown to second
Batting: LHB Jim Unknown 0-0: Called Strike
0-1: Ball
1-1: 3-RUN HOME RUN (Flyball, 9D), Distance : 373 ft
Pitching: LHP Juan Correa
Batting: RHB Jim Unknown 0-0: Called Strike
0-1: Foul Ball, location: 2F
0-2: Strikes out swinging
Batting: RHB Jim Unknown 0-0: Foul Ball, location: 2F
0-1: Ball
1-1: Ball
2-1: Ball
3-1: Base on Balls
Batting: LHB Jim Unknown 0-0: Ball
1-0: Called Strike
1-1: Ground out 5-3 (Groundball, 56S)
Jim Unknown to second
Batting: RHB Jim Unknown 0-0: Ball
1-0: Ball
2-0: Called Strike
2-1: Ball
3-1: Ground out 4-3 (Groundball, 4)
Top of the 5th over - 3 run(s), 3 hit(s), 0 error(s), 1 left on base; Austin 7 - Bay City 4
BOTTOM OF THE 5TH
Bay City Bombers batting - Pitching for Austin Capitols : RHP Jim Unknown
Batting: LHB John Doyle 0-0: Called Strike
0-1: Ball
1-1: Foul Ball, location: 2F
1-2: Ball
2-2: Foul Ball, location: 2F
2-2: Foul Ball, location: 2F
2-2: Fly out, F9 (Line Drive, 9S)
Batting: RHB Joaquín Parra 0-0: Ball
1-0: Called Strike
1-1: Ground out 1-3 (Groundball, 15)
Batting: LHB Bastyão Lizardo 0-0: Ground out 4-3 (Groundball, 4)
Bottom of the 5th over - 0 run(s), 0 hit(s), 0 error(s), 0 left on base; Austin 7 - Bay City 4
TOP OF THE 6TH
Austin Capitols batting - Pitching for Bay City Bombers : LHP Juan Correa
Batting: LHB Jim Unknown 0-0: Swinging Strike
0-1: Foul Ball, location: 2F
0-2: Ball
1-2: Foul Ball, location: 2F
1-2: Strikes out swinging
Batting: RHB Jim Unknown 0-0: Ball
1-0: Ball
2-0: Ball
3-0: Base on Balls
Batting: RHB Jim Unknown 0-0: Called Strike
0-1: Called Strike
0-2: Strikes out swinging
Batting: RHB Jim Unknown 0-0: Fielders Choice at 2nd, U4 (Groundball, 4M)
Top of the 6th over - 0 run(s), 0 hit(s), 0 error(s), 1 left on base; Austin 7 - Bay City 4
BOTTOM OF THE 6TH
Bay City Bombers batting - Pitching for Austin Capitols : RHP Jim Unknown
Batting: LHB Mito Rin 0-0: Called Strike
0-1: Ball
1-1: Ball
2-1: Ball
3-1: Called Strike
3-2: Foul Ball, location: 2F
3-2: Fly out, F6 (Line Drive, 56D)
Batting: RHB Pedro Morales 0-0: Foul Ball, location: 2F
0-1: Foul Ball, location: 2F
0-2: Ball
1-2: Foul Ball, location: 2F
1-2: Ball
2-2: Ball
3-2: Base on Balls
Batting: RHB Luis Díaz 0-0: Foul Ball, location: 2F
0-1: Ball
1-1: Ball
Pedro Morales steals 2nd base
2-1: Ground out 3-4 (Groundball, 3L)
Pedro Morales to third
Batting: SHB Stephen Fraven 0-0: Called Strike
0-1: Fly out, F9 (Line Drive, 89M)
Bottom of the 6th over - 0 run(s), 0 hit(s), 0 error(s), 1 left on base; Austin 7 - Bay City 4
TOP OF THE 7TH
Austin Capitols batting - Pitching for Bay City Bombers : LHP Juan Correa
Batting: LHB Jim Unknown 0-0: Foul Ball, location: 2F
0-1: Foul Ball, location: 2F
0-2: Ground out 6-3 (Groundball, 6)
Pitching: RHP Jeff Krause
Batting: RHB Jim Unknown 0-0: Called Strike
0-1: DOUBLE (Line Drive, 7LS)
Batting: RHB Jim Unknown 0-0: Called Strike
0-1: Swinging Strike
0-2: Ball
1-2: Strikes out looking
Batting: LHB Jim Unknown 0-0: Called Strike
0-1: Foul Ball, location: 2F
0-2: Ball
1-2: Strikes out looking
Top of the 7th over - 0 run(s), 1 hit(s), 0 error(s), 1 left on base; Austin 7 - Bay City 4
BOTTOM OF THE 7TH
Bay City Bombers batting - Pitching for Austin Capitols : RHP Jim Unknown
Batting: LHB Guy Riley 0-0: Ball
1-0: Ground out 4-3 (Groundball, 4)
Batting: RHB Barry Martínez 0-0: Ball
1-0: Swinging Strike
1-1: Ball
2-1: Ball
3-1: SINGLE (Line Drive, 8RS)
Batting: LHB John Doyle 0-0: Called Strike
0-1: Foul Ball, location: 2F
0-2: Foul Ball, location: 2F
0-2: Ball
1-2: Ball
2-2: Ball
3-2: Foul Ball, location: 2F
3-2: Grounds into double play, U4-3 (Groundball, 4)
Bottom of the 7th over - 0 run(s), 1 hit(s), 0 error(s), 0 left on base; Austin 7 - Bay City 4
TOP OF THE 8TH
Austin Capitols batting - Pitching for Bay City Bombers : RHP Jeff Krause
Batting: RHB Jim Unknown 0-0: Ground out 4-3 (Groundball, 4)
Batting: LHB Jim Unknown 0-0: Ball
1-0: Foul Ball, location: 2F
1-1: Foul Ball, location: 2F
1-2: Strikes out swinging
Batting: RHB Jim Unknown 0-0: Called Strike
0-1: SINGLE (Line Drive, 7LM)
Batting: RHB Jim Unknown 0-0: Ball
1-0: Called Strike
1-1: Ball
2-1: Ball
3-1: Base on Balls
Jim Unknown to second
Batting: RHB Jim Unknown 0-0: Ball
1-0: Ground out 6-3 (Groundball, 6)
Top of the 8th over - 0 run(s), 1 hit(s), 0 error(s), 2 left on base; Austin 7 - Bay City 4
BOTTOM OF THE 8TH
Bay City Bombers batting - Pitching for Austin Capitols : RHP Jim Unknown
Pitching: RHP Jim Unknown
Batting: RHB Joaquín Parra 0-0: Called Strike
0-1: Ground out 6-3 (Groundball, 6)
Batting: LHB Bastyão Lizardo 0-0: Called Strike
0-1: Ball
1-1: Swinging Strike
1-2: Strikes out swinging
Batting: LHB Mito Rin 0-0: Ball
1-0: Ball
2-0: Called Strike
2-1: Ground out 6-3 (Groundball, 6)
Bottom of the 8th over - 0 run(s), 0 hit(s), 0 error(s), 0 left on base; Austin 7 - Bay City 4
TOP OF THE 9TH
Austin Capitols batting - Pitching for Bay City Bombers : RHP Jeff Krause
Pitching: RHP Jim Unknown
Batting: LHB Jim Unknown 0-0: Called Strike
0-1: Foul Ball, location: 2F
0-2: Ball
1-2: Ball
2-2: Ball
3-2: Base on Balls
Batting: RHB Jim Unknown 0-0: Ball
1-0: Called Strike
1-1: Ball
2-1: Ball
3-1: Fly out, F8 (Flyball, 8RXD)
Runner from 1st tags up, SAFE at 2nd
Batting: RHB Jim Unknown 0-0: Called Strike
0-1: Ball
1-1: Ball
2-1: Ball
3-1: Foul Ball, location: 2F
3-2: Base on Balls
Batting: LHB Jim Unknown 0-0: Ball
1-0: Called Strike
1-1: Called Strike
1-2: Strikes out swinging
Batting: RHB Jim Unknown 0-0: Swinging Strike
0-1: Ball
1-1: Fly out, F5 (Line Drive, 56)
Top of the 9th over - 0 run(s), 0 hit(s), 0 error(s), 2 left on base; Austin 7 - Bay City 4
BOTTOM OF THE 9TH
Bay City Bombers batting - Pitching for Austin Capitols : RHP Jim Unknown
Batting: RHB Pedro Morales 0-0: Called Strike
0-1: Ground out 6-3 (Groundball, 6)
Batting: RHB Luis Díaz 0-0: Ball
1-0: Swinging Strike
1-1: Foul Ball, location: 2F
1-2: Ground out 6-3 (Groundball, 6)
Batting: SHB Stephen Fraven 0-0: Called Strike
0-1: Ball
1-1: Ground out 6-3 (Groundball, 6M)
Bottom of the 9th over - 0 run(s), 0 hit(s), 0 error(s), 0 left on base; Austin 7 - Bay City 4
This league is powered by Out of the Park Baseball, the baseball management simulation game for PC, Mac and Linux
Monday, May 4th, 2015 - OOTP Baseball 15.6 Build 34